 Dungeon Crawl Stone Soup version 0.28.0-53-g5a82cb258f (webtiles) character file.

Game seed: 16353811042271823013

27533 greena the Tortoise (level 13, -3/126 HPs)
             Began as a Minotaur Berserker on May 26, 2022.
             Was an Elder of Trog.
             Slain by a faun
             ... wielding a +0 quarterstaff
              (13 damage)
             ... on level 1 of the Shoals.
             The game lasted 00:53:55 (15163 turns).

greena the Tortoise (Minotaur Berserker)           Turns: 15163, Time: 00:53:57

Health: -3/126     AC: 22    Str: 23    XL:     13   Next: 4%
Magic:  0/12       EV:  9    Int:  4    God:    Trog [****..]
Gold:   739        SH:  5    Dex: 14    Spells: 12/12 levels left

rFire   . . .      SeeInvis +   T - +11 falchion "Nogu" {vorpal, +Blink Stlth+}
rCold   . . .      Faith    .   G - +0 buckler
rNeg    . . .      Spirit   +   z - +0 plate armour
rPois   .          Reflect  .   (helmet restricted)
rElec   .          Harm     .   x - +0 cloak
rCorr   .          Rampage  .   I - +0 pair of gloves {infuse}
Will    +....                   J - +0 pair of boots
Stlth   ..........              N - amulet of guardian spirit
HPRegen 1.31/turn               S - ring of see invisible
MPRegen 0.13/turn               (no ring)

@: lit by a corona, weak-willed, strong-willed, on berserk cooldown,
regenerating, slowed, glowing, studying Fighting, very slow
A: horns 2, retaliatory headbutt
a: Renounce Religion, Evoke Blink, Berserk, Trog's Hand, Brothers in Arms


You were on level 1 of the Shoals.
You worshipped Trog.
Trog was greatly pleased with you.
You visited 3 branches of the dungeon, and saw 14 of its levels.
You also visited: Ossuary.

You collected 739 gold pieces.

Inventory:

Hand Weapons
 a - a +1 spear
 D - a +2 vorpal hand axe
 F - a +4 trident
 K - a +4 spear of draining
 T - the +11 falchion "Nogu" (weapon) {vorpal, +Blink Stlth+}
   (You found it on level 3 of the Lair of Beasts)

   It inflicts extra damage upon your enemies.
   +Blink:    It lets you blink.
   Stlth:     It makes you more stealthy.
Missiles
 d - 96 bolts
 i - 4 throwing nets
 u - 122 arrows
 v - 8 atropa-tipped darts
 w - 4 datura-tipped darts
 B - 14 poisoned darts
 L - 6 javelins (quivered)
Armour
 b - a +0 animal skin
 j - the +1 pair of boots of Apathy {Str+4}
   (You acquired it on level 3 of the Dungeon)

   Str:       It affects your strength (+4).
 k - a +0 chain mail
 m - a scarf of shadows
 x - a +0 cloak (worn)
 z - a +0 plate armour (worn)
 G - a +0 buckler (worn)
 I - a +0 pair of gloves of infusion (worn)
 J - a +0 pair of boots (worn)
Jewellery
 N - an amulet of guardian spirit (around neck)
 S - a ring of see invisible (left hand)
Wands
 A - a wand of charming (14)
 C - a wand of flame (26)
 E - a wand of paralysis (28)
 H - a wand of mindburst (7)
Scrolls
 e - a scroll of holy word
 f - 7 scrolls of identify
 l - 2 scrolls of enchant weapon
 t - 5 scrolls of magic mapping
 y - a scroll of fear
 M - 2 scrolls of noise
 P - a scroll of teleportation
 Q - a scroll of amnesia {unknown}
 U - a scroll of vulnerability
Potions
 c - 2 potions of brilliance
 g - a potion of flight
 h - 2 potions of ambrosia
 n - 4 potions of haste
 p - 3 potions of berserk rage
 q - a potion of lignification {unknown}
 r - 2 potions of magic
 s - a potion of attraction
 O - a potion of resistance
 R - 3 potions of degeneration {unknown}


   Skills:
 + Level 15.1 Fighting
 + Level 5.2 Long Blades
 + Level 6.8(11.0) Axes
 + Level 13.4(14.1) Polearms
 + Level 1.3 Throwing
 + Level 15.8 Armour
 + Level 5.0 Dodging
 + Level 2.1 Stealth
 + Level 6.2 Shields
 + Level 0.3 Evocations


You had 12 spell levels left.
You didn't know any spells.
Your spell library contained the following spells:

 Spells                   Type           Power      Damage    Failure   Level
 Stone Arrow              Conj/Erth      0%         3d7       100%        3
 Animate Armour           Summ/Erth      0%         N/A       100%        4
 Lehudib's Crystal Spear  Conj/Erth      0%         10d2      100%        8


Dungeon Overview and Level Annotations

Branches:
Dungeon (10/15)            Temple (0/1) D:5            Lair (3/6) D:10
 Shoals (1/4) Lair:3        Snake (0/4) Lair:3          Orc (0/2) D:9
Ossuary (visited)

Altars:
Dithmenos
Kikubaaqudgha

Shops:
D:1 :[   D:7 =   Shoals:1 ?


Innate Abilities, Weirdness & Mutations

You have a pair of horns on your head.
You reflexively headbutt those who attack you in melee.


Message History

You furiously retaliate!
You headbutt the merfolk, but do no damage.
The faun hits you with a +0 quarterstaff!
The merfolk siren chants a haunting song.
You resist. The faun misses you. The merfolk hits you with a +0 trident!
The faun hits you but does no damage.
You closely miss the merfolk.
The merfolk is lightly wounded.
You block the faun's attack. The merfolk barely misses you.
You furiously retaliate!
You headbutt the merfolk! The faun hits you but does no damage.
The merfolk siren completely misses you.
The faun hits you but does no damage. You block the merfolk's attack.
Your skin crawls.
You feel strong-willed.
The faun hits you with a +0 quarterstaff!
The merfolk siren chants a haunting song.
You resist with almost no effort. You block the faun's attack.
The merfolk hits you but does no damage.
The faun gestures at you while chanting.
You are outlined in light.
You fail to use your ability.
The merfolk siren hits you from afar with a +0 spear of distortion!
* * * LOW HITPOINT WARNING * * *
The faun barely misses you. You furiously retaliate!
You headbutt the faun! The merfolk barely misses you.
The faun hits you with a +0 quarterstaff.
* * * LOW HITPOINT WARNING * * *
The faun hits you with a +0 spear!
* * * LOW HITPOINT WARNING * * *
The merfolk siren barely misses you. The merfolk hits you with a +0 trident.
* * * LOW HITPOINT WARNING * * *
You slash the merfolk!
The merfolk is severely wounded.
The faun hits you with a +0 quarterstaff!
* * * LOW HITPOINT WARNING * * *
The merfolk siren barely misses you. You block the faun's attack.
The merfolk hits you but does no damage.
The faun hits you with a +0 quarterstaff!
You die...

........# ..≈≈≈≈.......
..#.........≈≈≈≈....### ≈..
#......≈≈≈≈....#.###
...###....≈≈≈≈≈≈≈........
≈≈.........≈≈≈≈≈..........
≈≈≈....≈..≈...≈≈..#......##
≈≈≈≈..#.≈...≈...≈.###.... #
≈≈≈≈≈.......c...≈..#. .. .
≈≈≈≈≈≈≈....@c........ ≈ ..
≈≈≈≈≈≈≈.≈≈≈≈≈m##m.......
...
≈≈≈≈≈≈≈..≈≈≈≈.###....≈≈.
≈.##
≈≈≈≈≈≈....≈.≈.......≈≈≈≈
≈≈≈≈≈..............≈≈≈≈≈
≈≈≈≈≈..###......≈≈≈..≈≈≈
≈≈≈≈≈m. #....≈≈≈≈....≈≈≈
≈≈≈....##....≈≈≈.#..≈≈≈≈
≈≈≈...m.....≈#####..≈≈≈≈


You could see a merfolk, 2 fauns and a merfolk siren.

Vanquished Creatures
  A minotaur (Lair:1)
  A merfolk impaler (Shoals:1)
  Harold (D:8)
  4 hydras
  A merfolk avatar (Shoals:1)
  2 two-headed ogres
  A sea snake (Shoals:1)
  9 harpies (Shoals:1)
  2 manticores (Shoals:1)
  3 black mambas
  2 merfolk sirens
  5 cane toads
  3 rime drakes (Lair:2)
  3 komodo dragons
  A merfolk (Shoals:1)
  A snapping turtle (Shoals:1)
  A shadow (D:7)
  18 yaks
  Grum (D:10)
  A human (D:9)
  A steam dragon (D:9)
  Menkaure (D:4)
  An acid dragon (D:10)
  14 water moccasins
  An ice beast (D:5)
  Duvessa (D:5)
  3 orc warriors
  3 black bears
  A sky beast (D:6)
  4 ogres
  3 necrophages
  2 centaurs (D:9)
  20 wolves
  A kobold brigand (D:9)
  10 bullfrogs
  A water moccasin zombie (Ossuary)
  A wyvern skeleton (D:6)
  2 scorpions
  A water moccasin skeleton (D:3)
  A wight (D:9)
  Dowan (D:5)
  6 killer bees (D:8)
  2 electric eels (Lair:2)
  2 howler monkeys
  2 centaur zombies
  4 hounds
  A bullfrog zombie (D:6)
  A jelly (D:6)
  6 orc priests
  2 centaur skeletons
  An iguana (D:6)
  11 orc wizards
  2 mummies (Ossuary)
  4 howler monkey zombies
  3 gnolls (D:4)
  9 adders
  A shadow imp (D:8)
  5 adder zombies (Ossuary)
  2 adder skeletons
  3 dart slugs
  35 orcs
  3 ball pythons
  3 bats
  An endoplasm (D:3)
  2 giant cockroaches
  6 gnoll zombies (Ossuary)
  8 hobgoblins
  3 jackals (D:1)
  A quokka (D:2)
  4 frilled lizards
  9 goblins
  6 hobgoblin zombies (Ossuary)
  4 kobolds
  4 kobold zombies (Ossuary)
  8 orc zombies (Ossuary)
  5 rats
303 creatures vanquished.

Vanquished Creatures (collateral kills)
  A catoblepas (Lair:3)
  2 wights (D:9)
  An orc wizard (D:9)
  An orc (D:9)
5 creatures vanquished.

Vanquished Creatures (others)
  An orc wizard (D:9)
  An orc (D:9)
  15 fungi
  81 plants
98 creatures vanquished.

Grand Total: 406 creatures vanquished

Notes
Turn   | Place    | Note
-------+----------+-------------------------------------------
     0 | D:1      | greena the Minotaur Berserker began the quest for the Orb.
     0 | D:1      | Reached XP level 1. HP: 19/19 MP: 0/0
     1 | D:1      | You fall into a shaft and drop 1 floor!
    39 | D:1      | Found Vurowneg's Armour Shoppe.
   214 | D:1      | Reached XP level 2. HP: 21/27 MP: 1/1
   414 | D:1      | Found Saezun Anae's Book Shop.
   709 | D:2      | Reached XP level 3. HP: 34/34 MP: 2/2
   959 | D:2      | Reached ** piety under Trog
  1172 | D:2      | Found a faded altar of an unknown god.
  1380 | D:3      | Reached skill level 5 in Fighting
  1380 | D:3      | Reached XP level 4. HP: 27/42 MP: 3/3
  1598 | D:3      | Reached XP level 5. HP: 48/48 MP: 4/4
  1765 | D:3      | Identified a scroll of acquirement
  1765 | D:3      | Acquired the +1 pair of boots of Apathy {Str+4}
  1840 | D:3      | Reached skill level 5 in Polearms
  2264 | D:4      | Noticed Menkaure
  2289 | D:4      | Killed Menkaure
  2290 | D:4      | Reached XP level 6. HP: 51/57 MP: 5/5
  2412 | D:4      | Found a sand-covered staircase.
  2419 | Ossuary  | Entered an ossuary
  2505 | Ossuary  | Reached *** piety under Trog
  2698 | D:4      | Identified the +0 ring mail of the Queen of Cups {rN+}
  3345 | D:5      | Entered Level 5 of the Dungeon
  3499 | D:5      | Found a staircase to the Ecumenical Temple.
  3645 | D:5      | Reached XP level 7. HP: 59/63 MP: 6/6
  3733 | D:5      | Reached skill level 5 in Armour
  3756 | D:5      | Noticed Duvessa
  3756 | D:5      | Noticed Dowan
  3762 | D:5      | Killed Duvessa
  3766 | D:5      | Killed Dowan
  4090 | D:5      | Reached **** piety under Trog
  4091 | D:5      | Reached XP level 8. HP: 70/71 MP: 7/7
  5024 | D:6      | Reached skill level 10 in Polearms
  5235 | D:6      | Found an ancient bone altar of Kikubaaqudgha.
  5285 | D:6      | Found a shadowy altar of Dithmenos.
  5559 | D:7      | Reached XP level 9. HP: 70/79 MP: 8/8
  5797 | D:7      | Noticed a two-headed ogre
  5804 | D:7      | Killed a two-headed ogre
  5805 | D:7      | Reached skill level 1 in Stealth
  6121 | D:7      | Acquired a manual of Fighting
  6181 | D:7      | Found Kym Rela's Jewellery Emporium.
  6796 | D:8      | Noticed Harold
  6805 | D:8      | Paralysed by Harold for 5 turns
  6819 | D:8      | Killed Harold
  6820 | D:8      | Reached skill level 10 in Armour
  6820 | D:8      | Reached XP level 10. HP: 73/91 MP: 9/9
  7246 | D:9      | Noticed a two-headed ogre
  7267 | D:9      | Killed a two-headed ogre
  7268 | D:9      | Reached skill level 1 in Axes
  7278 | D:9      | Reached ***** piety under Trog
  7387 | D:9      | Found a staircase to the Orcish Mines.
  7551 | D:9      | Reached skill level 10 in Fighting
  8583 | D:10     | Entered Level 10 of the Dungeon
  8616 | D:10     | Noticed Grum
  8623 | D:10     | Reached skill level 1 in Shields
  8628 | D:10     | Killed Grum
  8750 | D:10     | Found a staircase to the Lair.
  8755 | D:10     | Noticed an eight-headed hydra
  8762 | D:10     | Killed an eight-headed hydra
  8763 | D:10     | Reached skill level 5 in Axes
  8827 | Lair:1   | Entered Level 1 of the Lair of Beasts
  8885 | Lair:1   | Found a runed translucent door.
  9032 | Lair:1   | Noticed a minotaur
  9057 | Lair:1   | Killed a minotaur
  9058 | Lair:1   | Reached XP level 11. HP: 40/101 MP: 10/10
 11386 | Lair:2   | Noticed a four-headed hydra
 11404 | Lair:2   | Killed a four-headed hydra
 11700 | Lair:2   | Reached skill level 1 in Throwing
 12560 | Lair:3   | Noticed a catoblepas
 12588 | Lair:3   | Reached XP level 12. HP: 115/115 MP: 11/11
 12610 | Lair:3   | Noticed a five-headed hydra
 12621 | Lair:3   | Killed a five-headed hydra
 12667 | Lair:3   | Killed a catoblepas
 13108 | Lair:3   | Found a staircase to the Snake Pit.
 13149 | Lair:3   | Noticed a seven-headed hydra
 13155 | Lair:3   | Killed a seven-headed hydra
 13386 | Lair:3   | Reached skill level 5 in Shields
 13471 | Lair:3   | Identified the +11 falchion "Nogu" {vorpal, +Blink Stlth+}
 13590 | Lair:3   | Reached skill level 5 in Dodging
 13620 | Lair:3   | Found a staircase to the Shoals.
 13673 | Shoals:1 | Entered Level 1 of the Shoals
 13772 | Shoals:1 | Found Xetoxt's Magic Scroll Boutique.
 13780 | Shoals:1 | Noticed a merfolk aquamancer
 13784 | Shoals:1 | Reached skill level 15 in Armour
 14036 | Shoals:1 | Noticed a merfolk avatar
 14054 | Shoals:1 | Killed a merfolk avatar
 14055 | Shoals:1 | Reached skill level 1 in Long Blades
 15124 | Shoals:1 | Noticed a merfolk impaler
 15143 | Shoals:1 | Reached skill level 15 in Fighting
 15143 | Shoals:1 | Reached skill level 5 in Long Blades
 15143 | Shoals:1 | Reached XP level 13. HP: 99/126 MP: 5/12
 15152 | Shoals:1 | Killed a merfolk impaler
 15163 | Shoals:1 | Slain by a faun

Illustrated notes

Levels and vault maps discovered:
D:1:      amcnicky_arrival_double_pillar, layout_rooms, serial_shops,
          shop_statue, nicolae_diamond_shop
D:2:      layout_loops_ring, dreamdust_ecumenical_altar_hidden_monk_grotto
D:3:      layout_basic, st_stairs_3
D:4:      wander_river, layout_gridville, chequers_ossuary_entry_cave,
          uniq_menkaure
D:5:      layout_loops_corners, minmay_temple_entry_drinking_statues,
          minmay_splitting_lines, uniq_duvessa
D:6:      layout_loops_ring, mainiacjoe_overflow_big_doors
D:7:      layout_rooms, serial_shops, nicolae_shop_stone
D:8:      layout_rooms, uniq_harold
D:9:      layout_cave_pods, erik_orc_4, enter_bailey_4,
          hangedman_decor_clover_reticule
D:10:     layout_irregular_city, dpeg_oklobed_lair, grunt_ministairs_12,
          uniq_grum, uniq_maggie
Lair:1:   dreamdust_labyrinth, layout_cave_pods, infiniplex_staircase_pool_2
Lair:2:   layout_big_grid, serial_bayou, serial_bayou_pond_a,
          serial_bayou_pond_d, serial_bayou_lake_a, serial_bayou_pond_e,
          serial_bayou_ford_a, serial_bayou_pond_c
Lair:3:   layout_cave_pods, minmay_shoals_entry_lonely_mermaid,
          minmay_snake_entry_six_corridors, gauntlet_entry_generic,
          fungi_pond_lemuel
Shoals:1: layout_shoals, serial_shops, nicolae_shop_advertising_works
          [nicolae_subvault_shop_adworks], shop

Skill      XL: |  1  2  3  4  5  6  7  8  9 10 11 12 |
---------------+-------------------------------------+-----
Polearms       | 4 6 7 8 10 11 13 | 13.4
Fighting       | 4 5 6 7 9 10 13 15 | 15.1
Armour         | 3 4 5 7 10 11 13 15 | 15.8
Dodging        | 3 4 5 |  5.0
Stealth        | 1 2 |  2.1
Axes           | 6 |  6.8
Shields        | 2 4 6 |  6.2
Throwing       | 1 |  1.3
Long Blades    | 5 |  5.2
Evocations     | |  0.3

Action                   |  1- 3 |  4- 6 |  7- 9 | 10-12 | 13-15 || total
-------------------------+-------+-------+-------+-------+-------++-------
Melee: Spear             |    88 |   184 |   281 |   453 |       ||  1006
       Headbutt          |    10 |    20 |    51 |   153 |     1 ||   235
       Punch             |       |     3 |     2 |       |       ||     5
       Hand axe          |       |       |    22 |    95 |       ||   117
       Falchion          |       |       |       |    78 |    15 ||    93
Throw: Javelin           |       |       |       |     5 |       ||     5
Invok: Berserk           |     1 |     4 |     7 |    16 |       ||    28
       Trog's Hand       |       |       |       |     2 |     1 ||     3
       Brothers in Arms  |       |       |       |     2 |       ||     2
 Abil: Evoke Blink       |       |       |       |     1 |       ||     1
  Use: Scroll            |     5 |     8 |     4 |    11 |       ||    28
       Potion            |     2 |       |       |     8 |     2 ||    12
Armor: Animal skin       |     5 |       |       |       |       ||     5
       Chain mail        |    16 |    46 |   124 |    95 |       ||   281
       Plate armour      |       |       |       |   293 |    20 ||   313
Dodge: Dodged            |    27 |    30 |    98 |   244 |    18 ||   417
Block: Buckler           |       |       |       |   116 |     9 ||   125
